 Dungeon Crawl Stone Soup version 0.23.2-30-g0e89c35649 (webtiles) character file.

Game seed: 18239081128195539654

6237 Revguard the Carver (level 10, 0/76 HPs)
             Began as a Demonspawn Gladiator on June 18, 2019.
             Was a High Priest of Okawaru.
             Slain by a yak (6 damage)
             ... on level 9 of the Dungeon.
             The game lasted 00:34:04 (9833 turns).

Revguard the Carver (Demonspawn Gladiator)          Turns: 9833, Time: 00:34:05

Health: 0/76       AC:  8    Str: 22    XL:     10   Next: 62%
Magic:  11/16      EV: 22    Int:  9    God:    Okawaru [*****.]
Gold:   488        SH:  0    Dex: 18    Spells: 9/9 levels left

rFire    . . .     SeeInvis .   a - +1 long sword
rCold    . . .     Gourm    .   (no shield)
rNeg     . . .     Faith    .   g - +0 ring mail
rPois    .         Spirit   .   c - +0 helmet
rElec    .         Reflect  .   i - scarf {cloud immunity}
rCorr    .         Harm     .   (no gloves)
MR       +....                  (no boots)
Stlth    ++........             e - amulet of rage
HPRegen  0.00/turn              l - ring of protection from magic
MPRegen  0.15/turn              m - +2 ring of strength

@: mighty, heroism, berserk cooldown, slowed, very slow
A: claws 1, repulsion field 2, foul stench 1, mutation resistance 1, inhibited
regeneration, rot immunity, MP-powered wands
a: Heroism, Finesse, Renounce Religion, Evoke Berserk Rage


You were on level 9 of the Dungeon.
You worshipped Okawaru.
Okawaru was extremely pleased with you.
You were very hungry.

You visited 2 branches of the dungeon, and saw 10 of its levels.

You collected 488 gold pieces.

Inventory:

Hand Weapons
 a - a +1 long sword (weapon)
Missiles
 j - a throwing net (quivered)
Armour
 c - a +0 helmet (worn)
 g - a +0 ring mail (worn)
 i - a scarf of cloud immunity (worn)
Jewellery
 e - an amulet of rage (around neck)
 h - an uncursed ring of protection from fire
 l - a ring of protection from magic (left claw)
 m - a +2 ring of strength (right claw)
 n - an uncursed ring of protection from fire
 q - the ring of Geagil {rPois Int+4 Dex-4 Stlth+, unknown}
   (You found it on level 9 of the Dungeon)

   [ring of stealth]

   It affects your intelligence (+4).
   It affects your dexterity (-4).
   It protects you from poison.
   It makes you more stealthy.
Wands
 b - a wand of acid (6)
Scrolls
 k - 4 scrolls of teleportation
 p - 3 scrolls of amnesia
 r - 2 scrolls of magic mapping {unknown}
 t - a scroll of remove curse
 u - a scroll of noise
 v - a scroll of identify
 w - a scroll of enchant weapon
 x - a scroll of enchant armour {unknown}
Potions
 d - a potion of brilliance
 o - a potion of flight
 z - a potion of haste
Comestibles
 f - 22 rations


   Skills:
 + Level 5.9(10.9) Fighting
 + Level 9.2(14.2) Long Blades
 - Level 2.0(7.0) Throwing
 + Level 4.9(9.9) Armour
 * Level 5.9(10.9) Dodging
 * Level 8.5 Invocations
 * Level 5.3 Evocations


You had 9 spell levels left.
You didn't know any spells.
Your spell library contained the following spells:

 Spells                   Type           Power        Failure   Level  Hunger
 Beastly Appendage        Tmut           #.....       52%         1    ##.....
 Summon Small Mammal      Summ           #...         52%         1    ##.....
 Call Imp                 Summ           #.......     65%         2    ###....
 Sticks to Snakes         Tmut           #.......     65%         2    ###....
 Call Canine Familiar     Summ           #.......     87%         3    ####...
 Spider Form              Tmut/Pois      #.........   87%         3    ####...
 Summon Guardian Golem    Hex/Summ       #.......     87%         3    ####...
 Ice Form                 Ice/Tmut       #.......     99%         4    #####..
 Summon Ice Beast         Ice/Summ       #.......     99%         4    #####..
 Summon Lightning Spire   Summ/Air       #.......     99%         4    #####..
 Blade Hands              Tmut           #.........   100%        5    ######.


Dungeon Overview and Level Annotations

Branches:
Dungeon (9/15)             Temple (1/1) D:6             Orc (0/2) D:9
   Lair: D:8-11

Altars:
Ashenzari
Cheibriados
Dithmenos
Elyvilon
Fedhas
Gozag
Hepliaklqana
Kikubaaqudgha
Makhleb
Nemelex Xobeh
Okawaru
Qazlal
Ru
Sif Muna
Trog
Uskayaw
Vehumet
Wu Jian
Xom
Yredelemnul
Zin
The Shining One

Shops:
D:5 ?   D:7 [


Innate Abilities, Weirdness & Mutations

You have sharp fingernails.
You are surrounded by a moderate repulsion field. (EV +3)
You may emit foul miasma when damaged in melee.
You are immune to rotting.
You are somewhat resistant to further mutation.
You do not regenerate when monsters are visible.
You expend magic power (3 MP) to strengthen your wands.


Message History

You hit the yak but do no damage.
The yak is moderately wounded.
You slice the yak!!
The yak is severely wounded.
The yak misses you.
You closely miss the yak. You claw the yak.
The yak is almost dead.
You are no longer berserk.
You are exhausted.
You feel yourself slow down.
You slash the yak!
You kill the yak!
Okawaru accepts your kill.
You slice the yak!!
The yak is heavily wounded.
The yak completely misses you.
You slash the yak! You claw the yak.
The yak is almost dead.
The yak gores you.
You die...

#...####... ...# #...####...
...# #..........
...###...###.... .....
...##........... ###....
...'....#....... .......##+#
##...##...#.......
........#.###.....#...'.......
............#@#...#...#...###.
....#.......#Y#...#.......###.
...>.........h..............'.
............#.#...####....#.#.
..............#...#......##.#.
...............##........#....
................##......)####.
..(..............#.....#....<.
.......................##.....


You could see a yak and a hound.

Vanquished Creatures
  A two-headed ogre (D:8)
  A hippogriff (D:9)
  5 yaks (D:9)
  A human (D:9)
  4 hogs (D:9)
  Menkaure (D:6)
  Edmund (D:5)
  2 wargs (D:9)
  A water moccasin (D:6)
  2 orc warriors
  2 sky beasts (D:7)
  3 phantoms
  2 ice beasts
  5 ogres
  5 centaurs
  6 bullfrogs
  2 water moccasin skeletons
  A scorpion (D:7)
  3 wights (D:7)
  An oklob sapling (D:6)
  A bullfrog zombie (D:8)
  A centaur zombie (D:8)
  A quasit (D:7)
  6 orc wizards
  3 hounds
  A jelly (D:7)
  A centaur skeleton (D:9)
  3 orc priests
  Crazy Yiuf (D:5)
  2 iguanas
  2 bullfrog skeletons (D:5)
  6 worker ants
  2 howler monkey skeletons
  A worker ant zombie (D:7)
  12 adders
  3 gnolls (D:4)
  4 shadow imps
  3 adder zombies
  An adder skeleton (D:4)
  2 worms
  2 dart slugs
  5 leopard geckos
  27 orcs
  8 bats
  7 giant cockroaches
  10 goblins
  6 hobgoblins
  6 jackals
  4 quokkas
  A ball python (D:3)
  3 frilled lizards
  A jackal zombie (D:5)
  8 kobolds
  10 rats
  2 fungi (D:5)
  2 plants
207 creatures vanquished.

Vanquished Creatures (others)
  An orc wizard (D:4)
  4 plants (D:6)
5 creatures vanquished.

Grand Total: 212 creatures vanquished

Notes
Turn   | Place    | Note
-------+----------+-------------------------------------------
     0 | D:1      | Revguard the Demonspawn Gladiator began the quest for the
                  | Orb.
     0 | D:1      | Reached XP level 1. HP: 16/16 MP: 1/1
   148 | D:1      | Reached skill level 3 in Long Blades
   160 | D:1      | Gained mutation: You are surrounded by a mild repulsion
                  | field. (EV +2) [demonic ancestry]
   160 | D:1      | Reached XP level 2. HP: 18/22 MP: 2/2
   525 | D:2      | Found a deep blue altar of Sif Muna.
   542 | D:2      | Gained mutation: You are immune to rotting. [demonic
                  | ancestry]
   542 | D:2      | Reached XP level 3. HP: 24/27 MP: 3/3
   591 | D:2      | Found a bloodstained altar of Trog.
  1308 | D:2      | Found an iron altar of Okawaru.
  1320 | D:2      | Found a shadowy altar of Dithmenos.
  1328 | D:2      | Became a worshipper of Warmaster Okawaru
  1337 | D:2      | Found a glowing golden altar of the Shining One.
  1477 | D:3      | Gained mutation: You are surrounded by a moderate repulsion
                  | field. (EV +3) [demonic ancestry]
  1477 | D:3      | Reached XP level 4. HP: 29/33 MP: 4/4
  1507 | D:3      | Found a faded altar of an unknown god.
  1529 | D:3      | Found a glowing golden altar of the Shining One.
  1652 | D:3      | Reached skill level 1 in Invocations
  1664 | D:3      | Reached skill level 4 in Long Blades
  1843 | D:3      | Found a burning altar of Makhleb.
  2033 | D:3      | Reached skill level 1 in Armour
  2048 | D:3      | Reached XP level 5. HP: 23/38 MP: 6/6
  2275 | D:4      | Noticed a phantom
  2884 | D:4      | Killed a phantom
  2884 | D:4      | Gained mutation: You have sharp fingernails. [demonic
                  | ancestry]
  2884 | D:4      | Reached XP level 6. HP: 46/46 MP: 8/8
  3241 | D:4      | Reached skill level 1 in Evocations
  3753 | D:5      | Entered Level 5 of the Dungeon
  3753 | D:5      | Noticed Edmund
  3783 | D:5      | Reached skill level 5 in Long Blades
  3786 | D:5      | Killed Edmund
  3786 | D:5      | Reached * piety under Okawaru
  3786 | D:5      | Reached XP level 7. HP: 24/52 MP: 8/10
  4068 | D:5      | Found a snail-covered altar of Cheibriados.
  4224 | D:5      | Found Cuykk's Magic Scroll Shoppe.
  4282 | D:5      | Gained mutation: You do not regenerate when monsters are
                  | visible. [potion of mutation]
  4282 | D:5      | Gained mutation: You expend magic power (3 MP) to
                  | strengthen your wands. [potion of mutation]
  4282 | D:5      | Gained mutation: You are somewhat resistant to further
                  | mutation. [potion of mutation]
  4312 | D:5      | Reached ** piety under Okawaru
  4312 | D:5      | Reached skill level 6 in Long Blades
  4447 | D:5      | Reached XP level 8. HP: 52/60 MP: 11/11
  4729 | D:5      | Found a runed translucent door.
  4730 | D:5      | Noticed Crazy Yiuf
  4738 | D:5      | Killed Crazy Yiuf
  4738 | D:5      | Reached skill level 5 in Invocations
  4840 | D:6      | Found a staircase to the Ecumenical Temple.
  5128 | Temple   | Entered the Ecumenical Temple
  5947 | D:6      | Reached skill level 7 in Long Blades
  5962 | D:6      | Found a hide-covered altar of Uskayaw.
  5962 | D:6      | Found a shimmering altar of Xom.
  5962 | D:6      | Noticed Menkaure
  5976 | D:6      | Killed Menkaure
  6328 | D:6      | Reached *** piety under Okawaru
  6596 | D:7      | Gained mutation: You may emit foul miasma when damaged in
                  | melee. [demonic ancestry]
  6596 | D:7      | Reached XP level 9. HP: 40/66 MP: 13/13
  7243 | D:7      | Found Hoekk's Antique Armour Emporium.
  7786 | D:7      | Found an opulent altar of Gozag.
  8219 | D:8      | Noticed a two-headed ogre
  8233 | D:8      | Killed a two-headed ogre
  8233 | D:8      | Reached **** piety under Okawaru
  8233 | D:8      | Reached skill level 5 in Fighting
  8233 | D:8      | Reached skill level 8 in Long Blades
  8236 | D:8      | Reached skill level 5 in Dodging
  8419 | D:8      | Found a sparkling altar of Nemelex Xobeh.
  8563 | D:9      | Reached XP level 10. HP: 36/74 MP: 13/15
  9081 | D:9      | Found a staircase to the Orcish Mines.
  9299 | D:9      | Got a scintillating platinum ring
  9399 | D:9      | Reached skill level 5 in Evocations
  9769 | D:9      | Reached ***** piety under Okawaru
  9811 | D:9      | Reached skill level 9 in Long Blades
  9833 | D:9      | Slain by a yak

Skill      XL: |  1  2  3  4  5  6  7  8  9 10 |
---------------+-------------------------------+-----
Long Blades    | 3 4 5 6 7 8 9 |  9.2
Dodging        | 3 4 5 |  5.9
Invocations    | 2 3 4 6 7 8 |  8.5
Armour         | 1 2 3 4 |  4.9
Fighting       | 3 4 5 |  5.9
Evocations     | 1 3 4 5 |  5.3
Throwing       | 2 |  2.0

Action                   |  1- 3 |  4- 6 |  7- 9 | 10-12 || total
-------------------------+-------+-------+-------+-------++-------
Melee: Long sword        |    96 |   180 |   465 |   148 ||   889
       Punch             |       |       |     3 |     2 ||     5
Throw: Throwing net      |     2 |     7 |       |       ||     9
Invok: Heroism           |       |       |     9 |     4 ||    13
       Finesse           |       |       |       |     1 ||     1
 Abil: Evoke Berserk Rag |     2 |     2 |     8 |     4 ||    16
Evoke: Wand              |       |     3 |     2 |     1 ||     6
  Use: Potion            |     1 |     5 |     4 |     3 ||    13
       Scroll            |       |     1 |     9 |     1 ||    11
 Stab: Held in net/web   |       |     1 |       |       ||     1
       Sleeping          |       |       |     1 |       ||     1
  Eat: Chunk             |     2 |     8 |    12 |     8 ||    30
       Ration            |       |     1 |     3 |       ||     4
Armor: Leather armour    |     3 |       |       |       ||     3
       Ring mail         |    36 |    75 |    95 |    46 ||   252
Dodge: Dodged            |   117 |   197 |   345 |   133 ||   792
       Rpst.: Long sword |    38 |    63 |    97 |    33 ||   231
